 Dungeon Crawl Stone Soup version 0.28-a0-312-gbced6e68ee (console) character file.

Game seed: 1746771928358640639

9 FIQ the Chiller (level 2, -1/19 HPs)
             Began as a Demonspawn Ice Elementalist on Aug 31, 2021.
             Slain by a hobgoblin (2 damage)
             ... on level 1 of the Dungeon.
             The game lasted 00:00:29 (137 turns).

FIQ the Chiller (Demonspawn Ice Elementalist)        Turns: 137, Time: 00:00:29

Health: -1/19      AC:  2    Str:  8    XL:     2   Next: 3%
Magic:  0/5        EV: 12    Int: 16    God:
Gold:   0          SH:  0    Dex: 13    Spells: 4/5 levels left

rFire   . . .      SeeInvis .   (no weapon)
rCold   . . .      Faith    .   (no shield)
rNeg    . . .      Spirit   .   a - +0 robe
rPois   .          Reflect  .   (no helmet)
rElec   .          Harm     +   b - scarf {harm}
rCorr   .          Rampage  .   (no gloves)
Will    .....                   (no boots)
Stlth   ++........              (no amulet)
HPRegen 0.06/turn               (no ring)
MPRegen 0.09/turn               (no ring)

@: no status effects
A: powered by pain 1
a: no special abilities


You were on level 1 of the Dungeon.
You visited 1 branch of the dungeon, and saw 1 of its levels.

Inventory:

Armour
 a - a +0 robe (worn)
 b - a scarf of harm (worn)
Potions
 c - a potion of degeneration {unknown}


   Skills:
 + Level 2.0 Dodging
 - Level 1.7 Stealth
 + Level 2.2 Spellcasting
 + Level 3.7 Ice Magic


You had 4 spell levels left.
You knew the following spells:

 Your Spells              Type           Power      Damage    Failure   Level
a - Freeze                Ice            52%        1d7       4%          1

Your spell library contained the following spells:

 Spells                   Type           Power      Damage    Failure   Level
 Frozen Ramparts          Ice            26%        1d4       13%         3
 Ozocubu's Armour         Ice            13%        N/A       13%         3
 Hailstorm                Conj/Ice       7%         3d4       67%         4


Dungeon Overview and Level Annotations

Branches:
Dungeon (1/15)

Altars:


Innate Abilities, Weirdness & Mutations

You sometimes gain a little power by taking damage.


Message History

An endoplasm comes into view.
The endoplasm quivers.
The endoplasm freezes you.
You are frozen.
You freeze the endoplasm.
The endoplasm is moderately wounded.
The endoplasm closely misses you.
You freeze the endoplasm!
You kill the endoplasm!
Your Dodging skill increases to level 2!
A giant cockroach and 2 hobgoblins come into view.
Found a scroll labelled ZAUGRI GOECULI.
The hobgoblin shouts!
You can't see any susceptible monsters within range! (Use Z to cast anyway.)
The ball python hisses angrily.
You hear a shout!
A ball python is nearby!
The ball python bites you. The ball python barely misses you.
You freeze the ball python.
You kill the ball python!
You freeze the giant cockroach.
You kill the giant cockroach!
You have reached level 2!
Your demonic ancestry asserts itself...
You feel energised by your suffering.
You hit the hobgoblin but do no damage. The hobgoblin barely misses you.
You barely miss the hobgoblin. The hobgoblin hits you.
You closely miss the hobgoblin. The hobgoblin hits you.
You barely miss the hobgoblin. The hobgoblin hits you.
* * * LOW HITPOINT WARNING * * *
You hit the hobgoblin.
The hobgoblin is moderately wounded.
The hobgoblin hits you.
* * * LOW HITPOINT WARNING * * *
You hit the hobgoblin.
The hobgoblin is severely wounded.
The hobgoblin misses you.
You hit the hobgoblin but do no damage.
The hobgoblin is severely wounded.
The hobgoblin hits you.
You die...

##### #.+.....#†+.....'.#
#....#####.#'#.#######.#'#.#
.##............#.#.....'.#.+.#
.......#.....#.#.#..<..#.#.###
#............#.#+#..>..###.#
.......#######.# #.....# #.#
#.......####.'.# #.....# #..
#............#+#.#####+# #+#
##.....##..#.@.....+
#.....###..g###+###+##
#..........#.##.......
#..#######............
................
######.#........ #.##.SB....
#.. #g..... ### ......


You could see a hobgoblin.

Vanquished Creatures
  2 dart slugs (D:1)
  An endoplasm (D:1)
  A giant cockroach (D:1)
  A ball python (D:1)
5 creatures vanquished.

Notes
Turn   | Place    | Note
-------+----------+-------------------------------------------
     0 | D:1      | FIQ the Demonspawn Ice Elementalist began the quest for the
                  | Orb.
     0 | D:1      | Reached XP level 1. HP: 13/13 MP: 3/3
   131 | D:1      | Gained mutation: You sometimes gain a little power by
                  | taking damage. [demonic ancestry]
   131 | D:1      | Reached XP level 2. HP: 12/19 MP: 0/5
   137 | D:1      | Slain by a hobgoblin

Illustrated notes

Levels and vault maps discovered:
D:1:      shiori_arrival_maze, layout_rooms, serial_shops, shop,
          nicolae_shop_statue_plus, shop

Skill      XL: |  1 |
---------------+----+-----
Dodging        | 2 |  2.0
Stealth        | |  1.7
Spellcasting   | |  2.2
Ice Magic      | |  3.7

Action                   || total
-------------------------++-------
Melee: Unarmed           ||     7
 Cast: Freeze            ||     9
Armor: Robe              ||     1
Dodge: Dodged            ||     7

Table legend: (Time is in decaauts)
 A = Elapsed time spent in this place.
 B = Non-inter-level travel time spent in this place.
 C = Inter-level travel time spent in this place.
 D = Time resting spent in this place.
 E = Time spent auto-exploring this place.
 F = Levels seen in this place.
 G = Mean time per level.
                   A        B        C        D        E       F      G
               +--------+--------+--------+--------+--------+-----+--------+
         Total |    137 |    137 |      0 |      0 |     85 |   1 |  137.0 |
       Dungeon |    137 |    137 |      0 |      0 |     85 |   1 |  137.0 |
               +--------+--------+--------+--------+--------+-----+--------+

Top non-repeatable levels by time:
     D:1: 137 daAuts
